| TOP OF THE 1ST |
|
Tri-City Dust Devils batting - Pitching for Coos Bay-North Bend Blue Soxs : RHP Leo Rico
|
|
Pitching: RHP Leo Rico
|
|
|
Batting: LHB LaVel Freeman
|
0-0: Foul Ball, location: 2F 0-1: Bunt missed! 0-2: Foul Ball, location: 2F 0-2: Ball 1-2: Ball 2-2: Ball 3-2: Base on Balls
|
|
Batting: LHB Kevin Jones
|
0-0: Ball 1-0: Ball 2-0: Fielders Choice at 2nd, 4-6 (Groundball, 4MD, EV 100.0 MPH)
|
|
Batting: RHB Robert Martinez
|
0-0: Ball 1-0: Ball 2-0: Ball Wild Pitch! Kevin Jones to second 3-0: Base on Balls
|
|
Batting: RHB Desmond Brooks
|
0-0: DOUBLE (Groundball, 5L, EV 106.9 MPH) Kevin Jones scores Robert Martinez to third Runner from 3rd tries for Home, SAFE, throw by LF to home
|
|
Batting: LHB Rafael Codinach
|
0-0: Called Strike 0-1: Foul Ball, location: 2F 0-2: Foul Ball, location: 2F 0-2: Strikes out swinging
|
|
Batting: LHB Daraka Shaheed
|
0-0: Called Strike 0-1: Ball 1-1: Ground out 6-3 (Groundball, 56, EV 107.5 MPH)
|
| Top of the 1st over - 2 runs, 1 hit, 0 errors, 1 left on base; Tri-City 2 - Coos Bay-North Bend 0 |
| BOTTOM OF THE 1ST |
|
Coos Bay-North Bend Blue Soxs batting - Pitching for Tri-City Dust Devils : LHP John Smiley
|
|
Pitching: LHP John Smiley
|
|
|
Batting: LHB Dwight Taylor
|
0-0: Ball 1-0: Ball 2-0: Ball 3-0: Called Strike 3-1: Foul Ball, location: 2F 3-2: SINGLE (Groundball, 4MD, EV 91.3 MPH) (infield hit)
|
|
Batting: LHB Curt Reed
|
0-0: Called Strike 0-1: DOUBLE (Line Drive, 78M, EV 93.1 MPH) Dwight Taylor to third Runner from 3rd tries for Home, SAFE, no throw by LF
|
|
Batting: RHB Bob Gergen
|
0-0: Ground out 4-3 (Groundball, 4, EV 83.8 MPH) Curt Reed to third
|
|
Batting: LHB Benny Distefano
|
0-0: Foul Ball, location: 2F 0-1: Foul Ball, location: 2F 0-2: Ball 1-2: Ball 2-2: Reached via error on a dropped throw from 1B, E1 (Groundball, 13, EV 86.3 MPH) Curt Reed scores
|
|
Batting: RHB Danny Quintana
|
0-0: Swinging Strike 0-1: Ball 1-1: Ball 2-1: Grounds into double play, 4-6-3 (Groundball, 4, EV 96.9 MPH)
|
| Bottom of the 1st over - 2 runs, 2 hits, 1 error, 0 left on base; Tri-City 2 - Coos Bay-North Bend 2 |
| TOP OF THE 2ND |
|
Tri-City Dust Devils batting - Pitching for Coos Bay-North Bend Blue Soxs : RHP Leo Rico
|
|
Batting: RHB Dennis Glynn
|
0-0: Swinging Strike 0-1: Foul Ball, location: 2F 0-2: Foul Ball, location: 2LF, Error on foul ball, E2 0-2: Ground out 6-3 (Groundball, 6, EV 85.0 MPH)
|
|
Batting: RHB Gereld McDermott
|
0-0: Swinging Strike 0-1: Swinging Strike 0-2: Ball 1-2: Strikes out swinging
|
|
Batting: RHB Jeff DeWillis
|
0-0: Called Strike 0-1: Foul Ball, location: 2F 0-2: Foul Ball, location: 2F 0-2: Ball 1-2: Ball 2-2: Fly out, F8 (Flyball, 8LS, EV 77.5 MPH)
|
| Top of the 2nd over - 0 runs, 0 hits, 1 error, 0 left on base; Tri-City 2 - Coos Bay-North Bend 2 |
| BOTTOM OF THE 2ND |
|
Coos Bay-North Bend Blue Soxs batting - Pitching for Tri-City Dust Devils : LHP John Smiley
|
|
Batting: LHB Pat Castiglia
|
0-0: SINGLE (Groundball, 34D, EV 108.8 MPH)
|
|
Batting: RHB Bob Glendening
|
0-0: Called Strike 0-1: Fielders Choice at 2nd, 5-4 (Groundball, 56S, EV 85.0 MPH)
|
|
Batting: RHB Mark Miller
|
0-0: Called Strike 0-1: SINGLE (Groundball, 34S, EV 70.0 MPH) (infield hit) Bob Glendening to second
|
|
Batting: RHB Henry Noble
|
0-0: Called Strike 0-1: Fielders Choice at 2nd, 3-6 (Groundball, 34S, EV 91.9 MPH) Bob Glendening to third
|
|
Batting: LHB Dwight Taylor
|
0-0: Ball 1-0: Foul Ball, location: 2F 1-1: Foul Ball, location: 2F 1-2: Ball 2-2: Strikes out swinging
|
| Bottom of the 2nd over - 0 runs, 2 hits, 0 errors, 2 left on base; Tri-City 2 - Coos Bay-North Bend 2 |
| TOP OF THE 3RD |
|
Tri-City Dust Devils batting - Pitching for Coos Bay-North Bend Blue Soxs : RHP Leo Rico
|
|
Batting: LHB LaVel Freeman
|
0-0: Foul Ball, location: 2F 0-1: Ball 1-1: Foul Ball, location: 2F 1-2: Foul Ball, location: 2F 1-2: SINGLE (Line Drive, 89S, EV 95.6 MPH)
|
|
Batting: LHB Kevin Jones
|
0-0: Ball LaVel Freeman is caught stealing 2nd base 2-6 1-0: Ball 2-0: Swinging Strike 2-1: SINGLE (Line Drive, 6D, EV 96.3 MPH)
|
|
Batting: RHB Robert Martinez
|
0-0: Called Strike 0-1: Ball 1-1: Ball 2-1: Ball 3-1: Foul Ball, location: 2F 3-2: Foul Ball, location: 2F 3-2: Fielders Choice at 2nd, 6-4 (Groundball, 6S, EV 86.3 MPH)
|
|
Batting: RHB Desmond Brooks
|
0-0: Called Strike 0-1: Ball 1-1: Swinging Strike 1-2: Strikes out looking
|
| Top of the 3rd over - 0 runs, 2 hits, 0 errors, 1 left on base; Tri-City 2 - Coos Bay-North Bend 2 |
| BOTTOM OF THE 3RD |
|
Coos Bay-North Bend Blue Soxs batting - Pitching for Tri-City Dust Devils : LHP John Smiley
|
|
Batting: LHB Curt Reed
|
0-0: Ground out 6-3 (Groundball, 6, EV 86.9 MPH)
|
|
Batting: RHB Bob Gergen
|
0-0: Ball 1-0: Ball 2-0: Ball 3-0: Base on Balls
|
|
Batting: LHB Benny Distefano
|
0-0: Ball 1-0: Swinging Strike 1-1: Ball 2-1: SINGLE (Groundball, 6MD, EV 98.1 MPH) Bob Gergen to second Runner from 2nd tries for 3rd, SAFE, no throw by CF
|
|
Batting: RHB Danny Quintana
|
0-0: Ball 1-0: Called Strike 1-1: Ball 2-1: Ball 3-1: Base on Balls Benny Distefano to second
|
|
Batting: LHB Pat Castiglia
|
0-0: Called Strike 0-1: Ball 1-1: Ball 2-1: Foul Ball, location: 2F 2-2: Grounds into double play, 4-6-3 (Groundball, 4M, EV 105.0 MPH)
|
| Bottom of the 3rd over - 0 runs, 1 hit, 0 errors, 2 left on base; Tri-City 2 - Coos Bay-North Bend 2 |
| TOP OF THE 4TH |
|
Tri-City Dust Devils batting - Pitching for Coos Bay-North Bend Blue Soxs : RHP Leo Rico
|
|
Batting: LHB Rafael Codinach
|
0-0: Ball 1-0: Called Strike 1-1: Swinging Strike 1-2: Strikes out looking
|
|
Batting: LHB Daraka Shaheed
|
0-0: Ball 1-0: Called Strike 1-1: Foul Ball, location: 2F 1-2: Ball 2-2: SINGLE (Groundball, 4MD, EV 95.0 MPH)
|
|
Batting: RHB Dennis Glynn
|
0-0: Ball 1-0: Swinging Strike 1-1: Ball 2-1: Foul Ball, location: 2F 2-2: Ball 3-2: Hit by Pitch Daraka Shaheed to second
|
|
Batting: RHB Gereld McDermott
|
0-0: Ball 1-0: Grounds into double play, 5-4-3 (Groundball, 5S, EV 82.5 MPH)
|
| Top of the 4th over - 0 runs, 1 hit, 0 errors, 1 left on base; Tri-City 2 - Coos Bay-North Bend 2 |
| BOTTOM OF THE 4TH |
|
Coos Bay-North Bend Blue Soxs batting - Pitching for Tri-City Dust Devils : LHP John Smiley
|
|
Batting: RHB Bob Glendening
|
0-0: Called Strike 0-1: Ball 1-1: Ground out 3-1 (Groundball, 34, EV 92.5 MPH)
|
|
Batting: RHB Mark Miller
|
0-0: Called Strike 0-1: Ball 1-1: Ball 2-1: Ground out 5-3 (Groundball, 5, EV 87.5 MPH)
|
|
Batting: RHB Henry Noble
|
0-0: Foul Ball, location: 2F 0-1: Fly out, F3 (Popup, 3S, EV 65.6 MPH)
|
| Bottom of the 4th over - 0 runs, 0 hits, 0 errors, 0 left on base; Tri-City 2 - Coos Bay-North Bend 2 |
| TOP OF THE 5TH |
|
Tri-City Dust Devils batting - Pitching for Coos Bay-North Bend Blue Soxs : RHP Leo Rico
|
|
Batting: RHB Jeff DeWillis
|
0-0: Ball 1-0: Called Strike 1-1: Ball 2-1: Swinging Strike 2-2: Ground out 3-1 (Groundball, 34S, EV 89.4 MPH)
|
|
Batting: LHB LaVel Freeman
|
0-0: Foul Ball, location: 2F 0-1: Foul Ball, location: 2F 0-2: Foul Ball, location: 2F 0-2: Strikes out swinging
|
|
Batting: LHB Kevin Jones
|
0-0: Ball 1-0: Called Strike 1-1: Fly out, F8 (Line Drive, 8LM, EV 111.9 MPH)
|
| Top of the 5th over - 0 runs, 0 hits, 0 errors, 0 left on base; Tri-City 2 - Coos Bay-North Bend 2 |
| BOTTOM OF THE 5TH |
|
Coos Bay-North Bend Blue Soxs batting - Pitching for Tri-City Dust Devils : LHP John Smiley
|
|
Batting: LHB Dwight Taylor
|
0-0: Foul Ball, location: 2F 0-1: Ground out U3 (Groundball, 34S, EV 75.6 MPH)
|
|
Batting: LHB Curt Reed
|
0-0: Ball 1-0: Ball 2-0: Called Strike 2-1: Fly out, F5 (Line Drive, 5, EV 66.9 MPH)
|
|
Batting: RHB Bob Gergen
|
0-0: Foul Ball, location: 2F 0-1: Ball 1-1: Ball 2-1: Foul Ball, location: 2F 2-2: Strikes out swinging
|
| Bottom of the 5th over - 0 runs, 0 hits, 0 errors, 0 left on base; Tri-City 2 - Coos Bay-North Bend 2 |
| TOP OF THE 6TH |
|
Tri-City Dust Devils batting - Pitching for Coos Bay-North Bend Blue Soxs : RHP Leo Rico
|
|
Batting: RHB Robert Martinez
|
0-0: Ball 1-0: Foul Ball, location: 2F 1-1: Ball 2-1: Ball 3-1: Fly out, F9 (Flyball, 89S, EV 86.9 MPH)
|
|
Batting: RHB Desmond Brooks
|
0-0: Foul Ball, location: 2F 0-1: SINGLE (Groundball, 4MD, EV 102.5 MPH)
|
|
Batting: LHB Rafael Codinach
|
0-0: Called Strike 0-1: Foul Ball, location: 2F 0-2: Ball 1-2: Foul Ball, location: 2F 1-2: Ball 2-2: Strikes out swinging
|
|
Batting: LHB Daraka Shaheed
|
0-0: Ball Desmond Brooks is caught stealing 2nd base 2-6
|
| Top of the 6th over - 0 runs, 1 hit, 0 errors, 0 left on base; Tri-City 2 - Coos Bay-North Bend 2 |
| BOTTOM OF THE 6TH |
|
Coos Bay-North Bend Blue Soxs batting - Pitching for Tri-City Dust Devils : LHP John Smiley
|
|
Batting: LHB Benny Distefano
|
0-0: Called Strike 0-1: Called Strike 0-2: Ball 1-2: Foul Ball, location: 2F 1-2: Ground out 1-3 (Groundball, 34S, EV 75.0 MPH)
|
|
Batting: RHB Danny Quintana
|
0-0: Foul Ball, location: 2F 0-1: Ground out 5-3 (Groundball, 56, EV 90.0 MPH)
|
|
Batting: LHB Pat Castiglia
|
0-0: Called Strike 0-1: Ground out 4-3 (Groundball, 4, EV 88.1 MPH)
|
| Bottom of the 6th over - 0 runs, 0 hits, 0 errors, 0 left on base; Tri-City 2 - Coos Bay-North Bend 2 |
| TOP OF THE 7TH |
|
Tri-City Dust Devils batting - Pitching for Coos Bay-North Bend Blue Soxs : RHP Leo Rico
|
|
Batting: LHB Daraka Shaheed
|
0-0: Swinging Strike 0-1: Swinging Strike 0-2: Strikes out swinging
|
|
Batting: RHB Dennis Glynn
|
0-0: Foul Ball, location: 2F 0-1: Ball 1-1: Called Strike 1-2: Foul Ball, location: 2F 1-2: Strikes out swinging
|
|
Batting: RHB Gereld McDermott
|
0-0: Ball 1-0: Ball 2-0: Ball 3-0: Base on Balls
|
|
Batting: RHB Jeff DeWillis
|
0-0: Ball 1-0: Swinging Strike 1-1: Foul Ball, location: 2F 1-2: Foul Ball, location: 2F 1-2: Ball 2-2: Foul Ball, location: 2F 2-2: Strikes out swinging
|
| Top of the 7th over - 0 runs, 0 hits, 0 errors, 1 left on base; Tri-City 2 - Coos Bay-North Bend 2 |
| BOTTOM OF THE 7TH |
|
Coos Bay-North Bend Blue Soxs batting - Pitching for Tri-City Dust Devils : LHP John Smiley
|
|
Batting: RHB Bob Glendening
|
0-0: Swinging Strike 0-1: Called Strike 0-2: Foul Ball, location: 2F 0-2: SOLO HOME RUN (Flyball, 78XD, EV 99.4 MPH), Distance : 418 ft
|
|
Batting: RHB Mark Miller
|
0-0: Ball 1-0: Ball 2-0: Ball 3-0: Called Strike 3-1: Base on Balls
|
|
Batting: RHB Henry Noble
|
0-0: Sac Bunt to 25 - play at first, batter OUT! 5-4 Mark Miller to second
|
|
Batting: LHB Dwight Taylor
|
0-0: Ball 1-0: Called Strike 1-1: Called Strike 1-2: Foul Ball, location: 2F 1-2: Ground out U3 (Groundball, 3, EV 84.4 MPH) Mark Miller to third
|
|
Batting: LHB Curt Reed
|
0-0: Ball 1-0: Ball 2-0: SINGLE (Groundball, 6D, EV 98.1 MPH) Mark Miller scores
|
|
Batting: RHB Bob Gergen
|
0-0: Foul Ball, location: 2F 0-1: Ball 1-1: Ball 2-1: Called Strike 2-2: Ground out U3 (Groundball, 3, EV 95.0 MPH)
|
| Bottom of the 7th over - 2 runs, 2 hits, 0 errors, 1 left on base; Tri-City 2 - Coos Bay-North Bend 4 |
| TOP OF THE 8TH |
|
Tri-City Dust Devils batting - Pitching for Coos Bay-North Bend Blue Soxs : RHP Leo Rico
|
|
Batting: LHB LaVel Freeman
|
0-0: Called Strike 0-1: Swinging Strike 0-2: Strikes out swinging
|
|
Batting: LHB Kevin Jones
|
0-0: SINGLE (Groundball, 6D, EV 96.3 MPH)
|
|
Batting: RHB Robert Martinez
|
0-0: Swinging Strike 0-1: Called Strike 0-2: Fielders Choice at 2nd, 4-6 (Groundball, 4, EV 85.0 MPH)
|
|
Batting: RHB Desmond Brooks
|
0-0: Ball 1-0: Called Strike 1-1: Ball 2-1: Ball 3-1: Base on Balls Robert Martinez to second
|
|
Batting: LHB Rafael Codinach
|
0-0: Fielders Choice at 2nd, 5-4 (Groundball, 56, EV 86.3 MPH)
|
| Top of the 8th over - 0 runs, 1 hit, 0 errors, 2 left on base; Tri-City 2 - Coos Bay-North Bend 4 |
| BOTTOM OF THE 8TH |
|
Coos Bay-North Bend Blue Soxs batting - Pitching for Tri-City Dust Devils : LHP John Smiley
|
|
Batting: LHB Benny Distefano
|
0-0: Ball 1-0: Called Strike 1-1: Ball 2-1: Fly out, F8 (Flyball, 8RD, EV 108.8 MPH)
|
|
Batting: RHB Danny Quintana
|
0-0: Swinging Strike 0-1: Ball 1-1: Ball 2-1: Foul Ball, location: 2F 2-2: Foul Ball, location: 2F 2-2: SINGLE (Groundball, 5L, EV 96.3 MPH)
|
|
Batting: LHB Pat Castiglia
|
0-0: SINGLE (Groundball, 3D, EV 96.3 MPH) Danny Quintana to second Runner from 2nd tries for 3rd, SAFE, no throw by RF
|
|
Batting: RHB Bob Glendening
|
0-0: Called Strike 0-1: Ball 1-1: Fly out, F8 (Flyball, 8LD, EV 76.9 MPH) Runner from 3rd tags up, SCORES, throw by CF
|
|
Batting: RHB Mark Miller
|
0-0: Ball 1-0: Foul Ball, location: 2F 1-1: SINGLE (Flyball, 7LS, EV 89.4 MPH) Pat Castiglia to second
|
|
Pitching: RHP Edwin Pena
|
|
|
Batting: RHB Henry Noble
|
0-0: Called Strike 0-1: Ball 1-1: DOUBLE (Line Drive, 3D, EV 103.1 MPH) Pat Castiglia scores Mark Miller to third Runner from 3rd tries for Home, SAFE, throw by RF to trailing runner, SAFE at third!
|
|
Batting: LHB Dwight Taylor
|
0-0: Ball 1-0: Ball 2-0: Foul Ball, location: 2F 2-1: Ground out 4-3 (Groundball, 4, EV 99.4 MPH)
|
| Bottom of the 8th over - 3 runs, 4 hits, 0 errors, 1 left on base; Tri-City 2 - Coos Bay-North Bend 7 |
| TOP OF THE 9TH |
|
Tri-City Dust Devils batting - Pitching for Coos Bay-North Bend Blue Soxs : RHP Leo Rico
|
|
Batting: LHB Daraka Shaheed
|
0-0: Ball 1-0: Ground out 4-3 (Groundball, 4, EV 108.8 MPH)
|
|
Batting: RHB Dennis Glynn
|
0-0: Swinging Strike 0-1: Foul Ball, location: 2F 0-2: Foul Ball, location: 2F 0-2: Foul Ball, location: 2F 0-2: Strikes out swinging
|
|
Batting: RHB Gereld McDermott
|
0-0: Ground out 4-3 (Groundball, 4, EV 84.4 MPH)
|
| Top of the 9th over - 0 runs, 0 hits, 0 errors, 0 left on base; Tri-City 2 - Coos Bay-North Bend 7 |
|